 Dungeon Crawl Stone Soup version 0.30-a0-696-g2367cd04db (webtiles) character file.

Game seed: 6466716363721888973

26198 Absynth the Zephyrmancer (level 13, -16/63 HPs)
             Began as a Tengu Air Elementalist on Jan 20, 2023.
             Was a High Priest of Vehumet.
             Demolished by an ice dragon simulacrum (43 damage)
             ... in a Gauntlet.
             The game lasted 01:31:55 (20191 turns).

Absynth the Zephyrmancer (Tengu Air Elementalist)  Turns: 20191, Time: 01:31:55

Health: -16/63     AC: 11    Str: 21    XL:     13   Next: 24%
Magic:  19/36      EV: 19    Int: 26    God:    Vehumet [*****.]
Gold:   641        SH:  0    Dex: 12    Spells: 8/31 levels left

rFire   + . .      SeeInvis +    g - +3 dagger (venom)
rCold   x . .      Faith    +    (no shield)
rNeg    + + +      Spirit   .    x - +0 steam dragon scales
rPois   +          Reflect  .    w - +2 hat
rElec   .          Harm     .    A - +2 cloak of Angocel {rN+++ Str+4 Dex-2}
rCorr   +          Rampage  .    d - +0 pair of gloves "Lumoon" {rPois Will++ Int+5}
Will    +++..      NoTele   +    (boots unavailable)
Stlth   +                        i - amulet of Exteg {Faith +Blink Str+8 SInv Stlth-}
HPRegen 0.30/turn                l - ring "Wiholl" {Fire rN+ rCorr MP+9}
MPRegen 0.25/turn                h - ring of Pesuttiy {rPois Will+ EV+5}

@: flying quickly and evasively, quick
A: beak, talons 3, nimble flight, screaming 1
a: Renounce Religion, Evoke Blink


You were in a Gauntlet.
You worshipped Vehumet.
Vehumet was extremely pleased with you.
You visited 2 branches of the dungeon, and saw 13 of its levels.
You also visited: Bailey and Gauntlet.

You collected 881 gold pieces.
You spent 240 gold pieces at shops.

Inventory:

Hand Weapons
 g - a +3 dagger of venom (weapon)
Armour
 d - the +0 pair of gloves "Lumoon" (worn) {rPois Will++ Int+5}
   (You found it in a Gauntlet)

   Int:       It affects your intelligence (+5).
   rPois:     It protects you from poison.
   Will:      It greatly increases your willpower.
 w - a +2 hat (worn)
 x - +0 steam dragon scales (worn)
 A - the +2 cloak of Angocel (worn) {rN+++ Str+4 Dex-2}
   (You acquired it in a bailey)

   Str:       It affects your strength (+4).
   Dex:       It affects your dexterity (-2).
   rN:        It renders you almost immune to negative energy.
 F - the +5 robe of Hairiness {rPois rF- rCorr SInv}
   (You found it on level 9 of the Dungeon)

   rF:        It makes you vulnerable to fire.
   rPois:     It protects you from poison.
   SInv:      It lets you see invisible.
   rCorr:     It protects you from acid and corrosion.
Jewellery
 h - the ring of Pesuttiy (right hand) {rPois Will+ EV+5}
   (You took it off a kobold demonologist on level 7 of the Dungeon)

   [ring of evasion]

   EV:        It affects your evasion (+5).
   rPois:     It protects you from poison.
   Will:      It increases your willpower.
 i - the amulet of Exteg (around neck) {Faith +Blink Str+8 SInv Stlth-}
   (You took it off a kobold demonologist on level 7 of the Dungeon)

   [amulet of faith]

   It allows you to gain divine favour quickly.
   Str:       It affects your strength (+8).
   SInv:      It lets you see invisible.
   +Blink:    It lets you blink.
   Stlth:     It makes you less stealthy.
 j - the ring "Jiaduec" {rElec rPois rF- rC+ Dex+4}
   (You took it off a kobold demonologist on level 7 of the Dungeon)

   [ring of protection from cold]

   Dex:       It affects your dexterity (+4).
   rF:        It makes you vulnerable to fire.
   rC:        It protects you from cold.
   rElec:     It insulates you from electricity.
   rPois:     It protects you from poison.
 l - the ring "Wiholl" (left hand) {Fire rN+ rCorr MP+9}
   (You found it on level 7 of the Dungeon)

   [ring of fire]

   It enhances your fire magic.
   rF:        It protects you from fire.
   rC:        It makes you vulnerable to cold.
   rN:        It protects you from negative energy.
   MP:        It affects your magic capacity (+9).
   rCorr:     It protects you from acid and corrosion.
 z - a ring of ice
 D - a ring of protection from cold
Wands
 b - a wand of charming (16)
 n - a wand of quicksilver (4)
 u - a wand of digging (2)
 y - a wand of roots (10)
 B - a wand of flame (11)
Scrolls
 k - 5 scrolls of identify
 m - a scroll of blinking
 o - a scroll of enchant weapon
 p - 4 scrolls of teleportation
 q - 3 scrolls of fear
 r - 5 scrolls of amnesia
 H - 2 scrolls of poison
Potions
 a - 2 potions of invisibility
 c - 3 potions of mutation
 e - a potion of curing
 f - 2 potions of brilliance
 s - a potion of cancellation
 t - 3 potions of heal wounds
 v - 2 potions of ambrosia
 C - 3 potions of might
 G - 3 potions of haste
Miscellaneous
 E - a phial of floods
 I - a piece from Xom's chessboard (15/15)


   Skills:
 - Level 2.3 Dodging
 - Level 2.1 Stealth
 + Level 9.8 Spellcasting
 + Level 13.2 Conjurations
 - Level 7.0 Hexes
 - Level 5.0 Translocations
 - Level 7.0 Fire Magic
 + Level 13.2 Air Magic
 - Level 5.0 Poison Magic


You had 8 spell levels left.
You knew the following spells:

 Your Spells              Type           Power      Damage    Failure   Level
a - Shock                 Conj/Air       100%       1d9       0%          1
b - Blink                 Tloc           76%        N/A       1%          2
c - Mephitic Cloud        Conj/Pois/Air  61%        N/A       1%          3
d - Airstrike             Air            34%        2d(5-21)  1%          4
i - Inner Flame           Hex/Fire       65%        N/A       1%          3
j - Arcjolt               Conj/Air       34%        1d44      1%          5
l - Swiftness             Air            69%        N/A       1%          3
s - Static Discharge      Conj/Air       100%       2-7/arc   1%          2

Your spell library contained the following spells:

 Spells                   Type           Power      Damage    Failure   Level
 Magic Dart               Conj           100%       1d8       0%          1
 Lesser Beckoning         Tloc           76%        N/A       1%          2
 Momentum Strike          Conj/Tloc      100%       3d10      1%          2
 Gell's Gravitas          Tloc           38%        N/A       1%          3
 Portal Projectile        Hex/Tloc       86%        N/A       1%          3
 Stone Arrow              Conj/Erth      94%        3d12      1%          3
 Teleport Other           Tloc           38%        N/A       1%          3
 Tukima's Dance           Hex            49%        N/A       1%          3
 Call Imp                 Summ           12%        N/A       7%          2
 Sublimation of Blood     Necr           12%        N/A       7%          2
 Wereblood                Tmut           12%        N/A       7%          2
 Animate Armour           Summ/Erth      24%        N/A       43%         4
 Blade Hands              Tmut           6%         N/A       78%         5
 Lehudib's Crystal Spear  Conj/Erth      23%        10d7      99%         8
 Summon Hydra             Summ           6%         N/A       100%        7


Dungeon Overview and Level Annotations

Branches:
Dungeon (11/15)            Temple (0/1) D:7            Lair (0/5) D:10
    Orc (2/2) D:10            Elf (0/3) Orc:2        Bailey (visited)
Gauntlet (1/1)

Altars:
Cheibriados
Gozag
Hepliaklqana
Okawaru
Ru
Vehumet
Xom
Yredelemnul

Shops:
D:2 [   D:4 [   D:7 !   D:8 *

Annotations:
Gauntlet 13 transporters, exclusion: orange crystal statue


Innate Abilities, Weirdness & Mutations

You have a beak for a mouth.
You have claws for feet.
Your magical nature lets you fly swiftly and evasively.
You occasionally shout uncontrollably at your foes.


Message History

* * * LOW HITPOINT WARNING * * *
The wolf spider simulacrum barely misses you.
The centaur warrior simulacrum hits you but does no damage.
The centaur warrior simulacrum barely misses you.
The ice dragon simulacrum closely misses you.
The ice dragon simulacrum misses you. x2
Blink to where?
Press: ? - help, Dir - move target
As you read the scroll of blinking, it crumbles to dust.
Casting: Arcjolt (safe; 1% risk of failure)
Confirm with . or Enter, or press ? or * to list all spells.
Okay, then.
You feel much better.
Casting: Arcjolt (safe; 1% risk of failure)
Confirm with . or Enter, or press ? or * to list all spells.
Aiming: Airstrike (safe; 1% risk of failure)
Press: ? - help, Dir - move target, f - ice dragon simulacrum
Aim: an ice dragon simulacrum (empty space bonus: 5/8)
The air twists around and strikes the ice dragon simulacrum!
The ice dragon simulacrum is heavily damaged.
Casting: Airstrike (safe; 1% risk of failure)
Confirm with . or Enter, or press ? or * to list all spells.
Aiming: Airstrike (safe; 1% risk of failure)
Press: ? - help, Dir - move target, f/p - ice dragon simulacrum
Aim: an ice dragon simulacrum (heavily damaged, empty space bonus: 7/8)
The air twists around and strikes the ice dragon simulacrum!
The ice dragon simulacrum is almost destroyed.
Casting: Airstrike (safe; 1% risk of failure)
Confirm with . or Enter, or press ? or * to list all spells.
Electricity surges outward!
The wolf spider simulacrum is almost destroyed.
The centaur warrior simulacrum is almost destroyed.
The wolf spider simulacrum barely misses you.
The wolf spider simulacrum completely misses you.
The ice dragon simulacrum bites you!
* * * LOW HITPOINT WARNING * * *
The ice dragon simulacrum freezes you!!!
You feel a terrible chill!
Ouch! That really hurt!
You die...

©$...#.#Z...©=#.}#.#kZZ$©?=..#.#3
.##^.#.#Z....#...#.#####.#####.#3
^.##.#.##....#...#.##.##..#.##.#3
...#.#.#.##.#....#.#..#......#.#.
©....#.#...###...#.###.##.##.#.#.
...#u#.#...©#.##.#.#.#.##.##©#.#.
..##G#.#...#....##.#...#..#..#.#.
^##^u#.#...#...Z.#.#.##.##Z###.#3
.....#.#..#...ZZ@#.#Z##Z##k#.#.#3
#################################
©...........©...........©#≈≈§§8≈≈
############.####################
...........#.#≈§8≈§#©.........©..
...........#.####################
#########..#.#..#.#.#..#.#..).©..
# #8# #8#..#.#.....©†#.#.#.#...##
# ### ###..#.#.##.#.#.##.#.#.#...


You could see an ice dragon simulacrum, a wolf spider simulacrum, a centaur
warrior simulacrum and a centaur warrior zombie.

Vanquished Creatures
  An orc warlord (Bailey)
  A two-headed ogre (D:7)
  The ghost of kae the Chiller, a novice DsTm of Ru (D:10)
  A fire crab (Gauntlet)
  Pikel (D:8)
  An orc knight (Bailey)
  2 manticores
  5 ugly things
  A cyclops (D:11)
  A moth of wrath (Gauntlet)
  Maurice (D:9)
  7 kobold demonologists
  A komodo dragon (D:7)
  Maggie (D:6)
  An unseen horror (D:7)
  6 trolls
  Grinder (D:3)
  Sigmund (D:2)
  4 wyverns
  2 vampires (D:11)
  16 yaks
  Eustachio (D:6)
  4 fire bats (Gauntlet)
  4 steam dragons
  5 vampire mosquitoes
  2 neqoxecs (D:10)
  An acid dragon (shapeshifter) (D:10)
  3 wargs
  5 acid dragons
  A water moccasin (D:6)
  A floating eye (shapeshifter) (D:10)
  2 ice beasts
  18 orc warriors
  2 sky beasts
  4 black bears
  6 wolves (Gauntlet)
  An ogre (shapeshifter) (D:10)
  4 centaurs
  5 ogres
  A phantom (D:5)
  8 kobold brigands
  3 bullfrogs (D:7)
  5 scorpions
  Blork the orc (D:6)
  4 gnoll sergeants
  A bullfrog (shapeshifter) (D:10)
  3 necrophages
  9 wights
  16 killer bees
  3 electric eels (D:11)
  4 howler monkeys (D:7)
  5 hounds
  2 jellies
  7 orc priests
  6 iguanas
  Natasha (thrice) (D:3)
  20 orc wizards
  16 gnolls
  6 adders
  A shadow imp (D:6)
  2 white imps
  3 ufetubi
  2 worms
  4 dart slugs
  37 orcs
  4 bats
  7 endoplasms
  4 giant cockroaches
  14 goblins
  9 hobgoblins
  7 jackals
  21 kobolds
  4 quokkas
  6 ball pythons
  6 frilled lizards
  2 rats
381 creatures vanquished.

Vanquished Creatures (others)
  A killer bee (D:8)
  4 demonic plants (D:2)
  2 fungi (Gauntlet)
  7 plants
  2 withered plants (D:2)
16 creatures vanquished.

Grand Total: 397 creatures vanquished

Notes
Turn   | Place    | Note
-------+----------+-------------------------------------------
     0 | D:1      | Absynth the Tengu Air Elementalist began the quest for the
                  | Orb.
     0 | D:1      | Reached XP level 1. HP: 10/10 MP: 4/4
   206 | D:1      | Reached XP level 2. HP: 15/15 MP: 4/6
   652 | D:1      | Reached XP level 3. HP: 19/19 MP: 2/7
   771 | D:1      | You fall into a shaft and drop 1 floor!
  1126 | D:1      | Learned a level 2 spell: Static Discharge
  1130 | D:1      | Learned a level 3 spell: Swiftness
  1379 | D:2      | Found a faded altar of an unknown god.
  1508 | D:2      | Noticed Sigmund
  1538 | D:2      | Reached XP level 4. HP: 24/24 MP: 3/9
  1541 | D:2      | Reached skill level 5 in Air Magic
  1852 | D:2      | Found Jept's Antique Armour Shop.
  2375 | D:2      | HP: 1/24 [Sigmund/+2 scythe of freezing (2)]
  2376 | D:2      | Killed Sigmund
  2377 | D:2      | Gained mutation: Your magical nature lets you fly swiftly
                  | and evasively. [Tengu growth]
  2377 | D:2      | Reached XP level 5. HP: 1/28 MP: 2/11
  2377 | D:2      | Reached XP level 6. HP: 1/32 MP: 2/12
  2602 | D:3      | Noticed Grinder
  2738 | D:3      | Noticed Natasha
  2742 | D:3      | Killed Natasha
  2902 | D:3      | Noticed Natasha
  2911 | D:3      | Killed Natasha
  3066 | D:3      | Noticed Natasha
  3074 | D:3      | Killed Natasha
  3075 | D:3      | Reached skill level 5 in Conjurations
  3439 | D:3      | Learned a level 4 spell: Airstrike
  3444 | D:3      | Paralysed by Grinder for 3 turns
  3454 | D:3      | Killed Grinder
  3455 | D:3      | Reached XP level 7. HP: 8/36 MP: 9/14
  4096 | D:4      | Found Fauprof's Antique Armour Emporium.
  4099 | D:4      | Bought a glowing hat for 140 gold pieces
  4410 | D:4      | Noticed a steam dragon
  4471 | D:4      | Killed a steam dragon
  4472 | D:4      | Reached skill level 5 in Spellcasting
  4472 | D:4      | Reached XP level 8. HP: 24/41 MP: 6/16
  4773 | D:5      | Entered Level 5 of the Dungeon
  4896 | D:5      | Learned a level 2 spell: Blink
  5181 | D:5      | Reached skill level 1 in Translocations
  5306 | D:5      | Learned a level 3 spell: Mephitic Cloud
  5485 | D:5      | Found a shimmering altar of Xom.
  5898 | D:5      | Found a radiant altar of Vehumet.
  5903 | D:5      | Became a worshipper of Vehumet
  5922 | D:5      | Reached skill level 1 in Poison Magic
  6829 | D:6      | Reached XP level 9. HP: 45/45 MP: 14/19
  7003 | D:6      | Noticed Blork the orc
  7097 | D:6      | Killed Blork the orc
  7518 | D:6      | Noticed Eustachio
  7523 | D:6      | Killed Eustachio
  7948 | D:6      | Noticed Maggie
  7962 | D:6      | Killed Maggie
  8772 | D:7      | Found Haleuterr's Distillery.
  8804 | D:7      | Found an opulent altar of Gozag.
  8806 | D:7      | Found a sacrificial altar of Ru.
  8817 | D:7      | Found a hazy altar of Hepliaklqana.
  8820 | D:7      | Found a snail-covered altar of Cheibriados.
  8822 | D:7      | Found an iron altar of Okawaru.
  8899 | D:7      | Reached skill level 5 in Poison Magic
  9033 | D:7      | Reached skill level 5 in Translocations
  9099 | D:7      | Found a basalt altar of Yredelemnul.
  9121 | D:7      | Found a staircase to the Ecumenical Temple.
  9613 | D:7      | Noticed a two-headed ogre
  9620 | D:7      | Killed a two-headed ogre
  9621 | D:7      | Reached XP level 10. HP: 50/50 MP: 2/21
  9786 | D:7      | Found a runed translucent door.
  9788 | D:7      | Found a runed translucent door.
 10081 | D:7      | Found a runed translucent door.
 10083 | D:7      | Found a runed translucent door.
 10083 | D:7      | Found a runed translucent door.
 10106 | D:7      | Reached * piety under Vehumet
 10106 | D:7      | Offered knowledge of Freeze by Vehumet.
 10260 | D:7      | Reached skill level 10 in Conjurations
 10260 | D:7      | Reached skill level 10 in Air Magic
 10392 | D:7      | Identified the ring of Pesuttiy {rPois Will+ EV+5}
 10392 | D:7      | Noticed a kobold demonologist
 10411 | D:7      | Noticed an orange demon
 10486 | D:7      | Killed a kobold demonologist
 10640 | D:7      | Identified the amulet of Exteg {Faith +Blink Str+8 SInv
                  | Stlth-}
 10640 | D:7      | Noticed a kobold demonologist
 10702 | D:7      | Killed a kobold demonologist
 10885 | D:7      | Identified the ring "Jiaduec" {rElec rPois rF- rC+ Dex+4}
 10885 | D:7      | Noticed a kobold demonologist
 10887 | D:7      | Killed a kobold demonologist
 11034 | D:7      | Noticed a manticore
 11046 | D:7      | Killed a manticore
 11047 | D:7      | Reached XP level 11. HP: 54/54 MP: 4/24
 11355 | D:7      | Identified the ring "Wiholl" {Fire rN+ rCorr MP+9}
 11589 | D:8      | Reached skill level 1 in Fire Magic
 11748 | D:8      | Offered knowledge of Sandblast by Vehumet.
 11921 | D:8      | Reached ** piety under Vehumet
 12153 | D:8      | Noticed Pikel
 12156 | D:8      | Killed Pikel
 12220 | D:8      | Reached skill level 5 in Fire Magic
 12390 | D:8      | Found Eziosul's Island Escapes.
 12400 | D:8      | Bought a wand of digging (2) for 100 gold pieces
 12486 | D:9      | Found a flagged portal.
 12494 | Bailey   | Entered a bailey
 12605 | Bailey   | Noticed an orc warlord
 12652 | Bailey   | Offered knowledge of Searing Ray by Vehumet.
 12727 | Bailey   | Noticed an orc knight
 12737 | Bailey   | Killed an orc knight
 12922 | Bailey   | Found a runed translucent gate.
 12923 | Bailey   | Found a runed translucent gate.
 12924 | Bailey   | Found a runed translucent gate.
 13041 | Bailey   | Reached *** piety under Vehumet
 13122 | Bailey   | Killed an orc warlord
 13243 | Bailey   | Acquired the +2 cloak of Angocel {rN+++ Str+4 Dex-2}
 13459 | D:9      | Noticed Maurice
 13466 | D:9      | Killed Maurice
 13619 | D:9      | Identified the +5 robe of Hairiness {rPois rF- rCorr SInv}
 13803 | D:9      | Offered knowledge of Inner Flame by Vehumet.
 13813 | D:9      | Learned a level 3 spell: Inner Flame
 14112 | D:9      | Reached skill level 1 in Hexes
 14205 | D:10     | Entered Level 10 of the Dungeon
 14211 | D:10     | Found a staircase to the Orcish Mines.
 14237 | D:10     | Reached XP level 12. HP: 49/59 MP: 10/25
 14255 | D:10     | Reached **** piety under Vehumet
 14594 | D:10     | Offered knowledge of Yara's Violent Unravelling by Vehumet.
 14918 | D:10     | Found a staircase to the Lair.
 15072 | D:10     | Found a runed translucent gate.
 15072 | D:10     | Found a runed translucent gate.
 15073 | D:10     | Found a runed translucent gate.
 15820 | D:10     | Found a runed translucent gate.
 15820 | D:10     | Found a runed translucent gate.
 16029 | D:10     | Found a runed translucent gate.
 16036 | D:10     | Noticed kae's ghost (novice DsTm)
 16263 | D:10     | Killed kae's ghost
 16272 | D:10     | Reached skill level 5 in Hexes
 16496 | D:10     | Gained mutation: You occasionally shout uncontrollably at
                  | your foes. [a neqoxec]
 17574 | D:10     | Reached ***** piety under Vehumet
 17574 | D:10     | Offered knowledge of Arcjolt by Vehumet.
 17581 | D:10     | Learned a level 5 spell: Arcjolt
 18585 | Orc:1    | Entered Level 1 of the Orcish Mines
 18808 | Orc:1    | Reached XP level 13. HP: 58/63 MP: 27/27
 19134 | Orc:2    | Entered Level 2 of the Orcish Mines
 19292 | Orc:2    | Found a gate leading to a gauntlet.
 19309 | Gauntlet | Entered a Gauntlet
 19309 | Gauntlet | Found a transporter.
 19383 | Gauntlet | Found a transporter.
 19393 | Gauntlet | Found a transporter.
 19401 | Gauntlet | Found a transporter.
 19418 | Gauntlet | Found a transporter.
 19437 | Gauntlet | Found a transporter.
 19447 | Gauntlet | Noticed an entropy weaver
 19449 | Gauntlet | Found a transporter.
 19461 | Gauntlet | Found a transporter.
 19473 | Gauntlet | Found a transporter.
 19485 | Gauntlet | Found a transporter.
 19489 | Gauntlet | Noticed a great orb of eyes
 19502 | Gauntlet | Found a transporter.
 19520 | Gauntlet | Found a transporter.
 19522 | Gauntlet | Found a transporter.
 19548 | Gauntlet | Found a transporter.
 19550 | Gauntlet | Found a transporter.
 19570 | Gauntlet | Found a transporter.
 19648 | Gauntlet | Found a transporter.
 19668 | Gauntlet | Found a transporter.
 20122 | Gauntlet | Identified the +0 pair of gloves "Lumoon" {rPois Will++
                  | Int+5}
 20191 | Gauntlet | Demolished by an ice dragon simulacrum

Illustrated notes

Levels and vault maps discovered:
D:1:      sevenhm_arrival_forest_fort_large_4, layout_basic
D:2:      layout_loops_ring, serial_shops, nicolae_shop_crystal,
          shapermc_ecumenical_altar_gd, uniq_sigmund
D:3:      layout_loops_cross, uniq_natasha, uniq_grinder
D:4:      layout_cave_pods, serial_shops, nicolae_shop_hallway_stairs,
          hangedman_abyss_or_decor_passed
D:5:      layout_layer_cave, nicolae_overflow_hidden_temple,
          mainiacjoe_overflow_alcove_2
D:6:      layout_basic, grunt_ministairs_3, nicolae_zen_rock_garden,
          uniq_maggie, uniq_eustachio, uniq_blork_the_orc
D:7:      minmay_the_grid_triangle_9x9_rhombus_full
          [minmay_the_grid_triangle_9x9_longest,
          minmay_the_grid_triangle_9x9_fully_insulated_deathbox,
          minmay_the_grid_triangle_9x9_tough_junction,
          minmay_the_grid_triangle_9x9_empty,
          minmay_the_grid_triangle_9x9_cache,
          minmay_the_grid_triangle_9x9_descending_squares,
          minmay_the_grid_triangle_9x9_shrine,
          minmay_the_grid_triangle_9x9_prize_special], layout_rooms,
          nicolae_overflow_hallway_of_the_gods, serial_shops, shop
D:8:      minmay_flawed_box, layout_rooms, nicolae_island_escapes, uniq_pikel
D:9:      layout_roguey, enter_bailey_3, uniq_maurice
D:10:     layout_long_grid, kennysheep_orc_monster_closet_entryway,
          ploomutoo_gammafunk_ghost_potion_laboratory
D:11:     layout_basic, kennysheep_generic_room_7
Orc:1:    layout_diamond_mine, basic_altar
Orc:2:    st_orc_congregation, layout_diamond_mine, gauntlet_entry_generic
Gauntlet: gammafunk_gauntlet_one_two_three [nicolae_gauntlet_arena_grate_2,
          gammafunk_gauntlet_arena_mazey, gammafunk_gauntlet_arena_split_x,
          gammafunk_gauntlet_arena_split_diamond, nicolae_gauntlet_swirl,
          gammafunk_gauntlet_arena_crates, gammafunk_gauntlet_arena_grid,
          nicolae_gauntlet_arena_quarters, gammafunk_gauntlet_arena_corners,
          gauntlet_exit_watery]

Skill      XL: |  1  2  3  4  5  6  7  8  9 10 11 12 13 |
---------------+----------------------------------------+-----
Conjurations   | 2 3 4 5 6 8 9 11 12 13 | 13.2
Air Magic      | 6 7 8 9 11 12 13 | 13.2
Spellcasting   | 3 4 5 6 8 9 |  9.8
Translocations | 2 5 |  5.0
Poison Magic   | 2 5 |  5.0
Fire Magic     | 5 7 |  7.0
Hexes          | 2 7 |  7.0
Dodging        | |  2.3
Stealth        | |  2.1

Action                   |  1- 3 |  4- 6 |  7- 9 | 10-12 | 13-15 || total
-------------------------+-------+-------+-------+-------+-------++-------
Melee: Unarmed           |     2 |       |       |       |       ||     2
       Kick              |     2 |     5 |     5 |    41 |     3 ||    56
       Dagger            |     6 |    13 |     9 |    83 |    10 ||   121
       Peck              |       |     3 |     3 |    22 |     5 ||    33
       Punch             |       |       |       |     4 |       ||     4
 Cast: Shock             |    76 |    74 |   125 |   192 |    11 ||   478
       Static Discharge  |       |     6 |    41 |    48 |     8 ||   103
       Airstrike         |       |     1 |    39 |   197 |    11 ||   248
       Mephitic Cloud    |       |       |     4 |    39 |     6 ||    49
       Inner Flame       |       |       |       |     4 |       ||     4
       Arcjolt           |       |       |       |     5 |    21 ||    26
  Use: Potion            |       |     1 |     7 |       |     3 ||    11
       Scroll            |       |       |    12 |     7 |     2 ||    21
 Stab: Sleeping          |       |     1 |       |       |       ||     1
       Confused          |       |       |       |     7 |     1 ||     8
Armor: Robe              |     6 |     2 |       |       |       ||     8
       Steam dragon scal |       |       |     5 |    33 |    13 ||    51
Dodge: Dodged            |     8 |    20 |    35 |   166 |    46 ||   275

Table legend: (Time is in decaauts)
 A = Elapsed time spent in this place.
 B = Non-inter-level travel time spent in this place.
 C = Inter-level travel time spent in this place.
 D = Time resting spent in this place.
 E = Time spent auto-exploring this place.
 F = Levels seen in this place.
 G = Mean time per level.
                   A        B        C        D        E       F      G
               +--------+--------+--------+--------+--------+-----+--------+
         Total |  19299 |  18738 |    561 |   7258 |   7158 |  15 | 1286.6 |
       Dungeon |  17041 |  16498 |    543 |   6300 |   6677 |  11 | 1549.2 |
  Orcish Mines |    695 |    678 |     17 |    313 |    237 |   2 |  347.5 |
        Bailey |    739 |    739 |      0 |    396 |      0 |   1 |  739.0 |
      Gauntlet |    822 |    822 |      0 |    249 |    243 |   1 |  822.0 |
               +--------+--------+--------+--------+--------+-----+--------+

Top non-repeatable levels by time:
     D:7: 2573 daAuts
    D:10: 2229 daAuts
     D:5: 1959 daAuts
     D:6: 1883 daAuts
     D:9: 1586 daAuts
    D:11: 1316 daAuts
     D:1: 1277 daAuts
     D:2: 1258 daAuts
     D:4: 1111 daAuts
     D:3: 983 daAuts
     D:8: 863 daAuts
Gauntlet: 822 daAuts
  Bailey: 739 daAuts
   Orc:1: 654 daAuts
   Orc:2: 41 daAuts
